 Dungeon Crawl Stone Soup version 0.23-a0-448-g1c01f63 (webtiles) character file.

103392 Orinoco the Severer (level 16, -8/127 HPs)
             Began as a Formicid Fighter on Nov 20, 2018.
             Was the Champion of Okawaru.
             Mangled by a two-headed ogre
             ... wielding a +0 giant club
              (11 damage)
             ... on level 2 of the Orcish Mines.
             The game lasted 01:25:16 (25248 turns).

Orinoco the Severer (Formicid Fighter)             Turns: 25248, Time: 01:25:16

Health: -8/127     AC: 22    Str: 24    XL:     16   Next: 89%
Magic:  21/24      EV: 10    Int: 16    God:    Okawaru [******]
Gold:   3129       SH: 14    Dex: 12    Spells: 9/25 levels left

rFire    . . .     SeeInvis +   a - +4 executioner's axe "Demonslayer" {venom, rC+ rN+ Int+2 Dex+2}
rCold    + + .     Gourm    .   c - +0 shield
rNeg     + + .     Faith    .   h - +4 ring mail of the Evening Star {+Blink MR+ rCorr}
rPois    .         Spirit   .   (helmet unavailable)
rElec    .         Reflect  +   E - +2 cloak
rCorr    +         Harm     .   s - +2 pair of gloves
MR       +++..                  R - +2 pair of boots "Rotynik" {rN+ Str+2}
Stlth    +.........             l - +2 amulet of reflection
HPRegen  1.71/turn              m - ring of wizardry
MPRegen  0.19/turn              z - ring of protection from magic

@: regenerating
A: permanent stasis, dig shafts and tunnels, four strong arms, antennae 3, cold
resistance 1, regeneration 1
a: Dig, Shaft Self, Heroism, Finesse, Renounce Religion


You were on level 2 of the Orcish Mines.
You worshipped Okawaru.
Okawaru was exalted by your worship.
You were hungry.

You visited 3 branches of the dungeon, and saw 23 of its levels.
You also visited: Ice Cave.

You collected 3129 gold pieces.

Inventory:

Hand Weapons
 a - the +4 executioner's axe "Demonslayer" (weapon) {venom, rC+ rN+ Int+2 Dex+2}
   (Okawaru gifted it to you on level 13 of the Dungeon)

   It poisons the flesh of those it strikes.
   It affects your intelligence (+2).
   It affects your dexterity (+2).
   It protects you from cold.
   It protects you from negative energy.
 b - the +6 broad axe "Anot" {chop, Str+9}
   (Okawaru gifted it to you on level 13 of the Dungeon)

   It inflicts extra damage upon your enemies.
   It affects your strength (+9).
 N - a +2 halberd of chopping
Missiles
 I - 37 tomahawks (quivered)
Armour
 c - a +0 shield (worn)
 h - the +4 ring mail of the Evening Star (worn) {+Blink MR+ rCorr}
   (Okawaru gifted it to you on level 1 of the Lair of Beasts)

   It affects your resistance to hostile enchantments.
   It lets you blink.
   It provides partial protection from all sources of acid and corrosion.
 s - a +2 pair of gloves (worn)
 E - a +2 cloak (worn)
 L - a +2 pair of boots of flying
 M - a +0 ring mail of fire resistance
 R - the +2 pair of boots "Rotynik" (worn) {rN+ Str+2}
   (Okawaru gifted it to you on level 11 of the Dungeon)

   It affects your strength (+2).
   It protects you from negative energy.
Jewellery
 l - a +2 amulet of reflection (around neck)
 m - a ring of wizardry (left hand)
 q - an uncursed ring of protection from fire
 z - a ring of protection from magic (right hand)
 B - an uncursed ring of magical power
 C - an uncursed ring of fire
 T - an uncursed ring of positive energy
 U - an uncursed ring of fire
 W - a cursed ring of wizardry
 Z - an uncursed ring of protection from cold
Wands
 n - a wand of scattershot (4)
 u - a wand of iceblast (28)
 v - a wand of enslavement (34)
 G - a wand of disintegration (31)
 J - a wand of digging (11)
 Q - a wand of paralysis (15)
Scrolls
 d - a scroll of immolation
 g - a scroll of summoning
 p - a scroll of enchant armour
 r - 4 scrolls of fog
 t - 5 scrolls of remove curse
 x - 7 scrolls of amnesia
 V - 2 scrolls of fear
 X - a scroll of acquirement {unknown}
Potions
 e - a potion of ambrosia
 j - 4 potions of resistance
 k - 6 potions of brilliance
 D - 13 potions of curing
 F - 7 potions of lignification
 K - 3 potions of magic
 O - 6 potions of agility
 P - 4 potions of might
 S - a potion of flight
 Y - 3 potions of cancellation
Miscellaneous
 o - a box of beasts
 w - a lightning rod (4/4)
 A - a lamp of fire
Comestibles
 f - 34 rations
 H - 7 chunks of flesh


   Skills:
 + Level 12.0 Fighting
 + Level 17.4 Axes
 + Level 0.2 Throwing
 * Level 13.0 Armour
 - Level 9.0 Shields
 - Level 5.0 Spellcasting
 - Level 6.0 Conjurations
 * Level 2.4 Charms
 * Level 2.4 Necromancy
 - Level 6.0 Fire Magic
 - Level 11.0 Invocations
 - Level 3.0 Evocations


You had 9 spell levels left.
You knew the following spells:

 Your Spells              Type           Power        Failure   Level  Hunger
a - Conjure Flame         Conj/Fire      ###.....     2%          3    ###....
b - Sticky Flame          Conj/Fire      ###.....     7%          4    ####...
c - Animate Skeleton      Necr           N/A          3%          1    None
d - Regeneration          Chrm/Necr      ##........   9%          3    ###....
e - Fireball              Conj/Fire      ###.......   19%         5    ######.

Your spell library contained the following spells:

 Spells                   Type           Power        Failure   Level  Hunger
 Flame Tongue             Conj/Fire      ###..        1%          1    None
 Magic Dart               Conj           ###.         1%          1    None
 Searing Ray              Conj           ###...       1%          2    #......
 Throw Flame              Conj/Fire      ###...       1%          2    #......
 Pain                     Necr           ##..         3%          1    None
 Iskenderun's Mystic Bla  Conj           ###.....     7%          4    ####...
 Dazzling Spray           Conj/Hex       ##....       8%          3    ###....
 Inner Flame              Hex/Fire       ##......     8%          3    ###....
 Vampiric Draining        Necr           ##........   9%          3    ###....
 Mephitic Cloud           Conj/Pois/Air  ##......     11%         3    ###....
 Call Imp                 Summ           #.......     12%         2    #......
 Slow                     Hex            #.......     12%         2    #......
 Force Lance              Conj/Tloc      ##......     24%         4    ####...
 Fulminant Prism          Conj/Hex       ##........   24%         4    ####...
 Animate Dead             Necr           N/A          28%         4    ####...
 Bolt of Magma            Conj/Fire/Erth ###.......   38%         5    ######.
 Leda's Liquefaction      Hex/Erth       #.........   58%         4    ####...
 Iron Shot                Conj/Erth      ##........   97%         6    #######
 Statue Form              Tmut/Erth      #........    100%        6    #######
 Shatter                  Erth           #.........   100%        9    #######
 Blink                    Tloc           Unusable     N/A         2    N/A

Dungeon Overview and Level Annotations

Branches:
Dungeon (15/15)            Temple (0/1) D:6            Lair (6/6) D:11
 Shoals (0/4) Lair:3       Spider (0/4) Lair:3        Slime (0/5) Lair:5
    Orc (2/2) D:11            Elf (0/3) Orc:2        Vaults (0/5) D:13
 Depths (0/5) D:15

Altars:
Cheibriados
Dithmenos
Fedhas
Okawaru
Qazlal
Ru
Uskayaw
Vehumet
Zin
The Shining One
Beogh
Jiyva

Shops:
D:10 *   D:12 %   Orc:2 =

Portals:
Trove: D:12 (give horn of Geryon)

Annotations:
D:5 exclusion: downstairs
D:7 exclusion: statue
D:10 exclusion: 2 downstairs
Lair:2 exclusion: downstairs


Innate Abilities, Weirdness & Mutations

You cannot be hasted, slowed, berserked, paralysed or teleported.
You can dig through walls and to a lower floor.
Your four strong arms can wield two-handed weapons with a shield.
You have a pair of large antennae on your head. (SInv)
Your flesh is cold resistant. (rC+)
Your natural rate of healing is unusually fast.


Message History

Casting: Animate Skeleton (safe; 3% risk of failure)
Confirm with . or Enter, or press ? or * to list all spells.
Your skin crawls.
You slash the two-headed ogre!
The two-headed ogre is severely wounded.
The two-headed ogre hits you with a +0 giant spiked club!
* * * LOW HITPOINT WARNING * * *
The two-headed ogre completely misses you.
You dice the two-headed ogre like an onion!!!
You kill the two-headed ogre!
Okawaru accepts your kill.
You slice the ogre!!
The ogre is poisoned.
The ogre hits you with a +0 giant spiked club!
* * * LOW HITPOINT WARNING * * *
You barely miss the two-headed ogre. You barely miss the ogre.
The ogre hits you with a +0 giant spiked club!
* * * LOW HITPOINT WARNING * * *
The two-headed ogre barely misses you.
The two-headed ogre hits you with a +0 giant club!
You die...

..........#....##............###
..#.#..#.....Z##............##
..##....#.....###.#.......#.##
.###..........# #####........#
##.....##.#..## ###...#.##
#....###..#.## ##...###
#..####......#### #.#.## .<.#
##..#...#O## ##### #.##
#...#{#{#@# ### ##..{O.###O...#
#..{{## #..## ##.{{{ ..# ###..O
## .T... ...... .O..#...
.∩.......


You could see a two-headed ogre and an ogre.

Vanquished Creatures
  Rupert (D:13)
  An orc warlord (Orc:2)
  6 dire elephants (Lair:6)
  4 ogre magi
  A yaktaur captain (D:15)
  A great orb of eyes (shapeshifter) (D:13)
  A rakshasa (D:15)
  2 ice dragons (IceCv)
  A fire dragon (D:13)
  5 hydras
  A catoblepas (D:15)
  A centaur warrior (D:14)
  An anaconda (Lair:6)
  19 two-headed ogres
  4 death yaks (Lair:5)
  2 tengu warriors (D:15)
  Urug (Lair:5)
  Nergalle (Lair:2)
  A deep elf knight (D:15)
  An iron troll (D:13)
  5 skeletal warriors (D:13)
  A deep troll (Orc:2)
  2 unseen horrors
  Pikel (D:6)
  A wolf spider zombie (D:14)
  An orc knight (Orc:1)
  4 orc sorcerers
  2 deep elf magi
  3 oklob plants (Lair:4)
  9 ugly things
  5 elephants
  A manticore (D:13)
  A centaur zombie (D:15)
  4 cyclopes
  A merfolk siren (Lair:3)
  2 ice statues (IceCv)
  10 spiny frogs
  2 black mambas
  6 gargoyles
  A kobold demonologist (D:12)
  6 rime drakes
  5 komodo dragons
  2 yaktaurs (D:15)
  17 trolls
  15 blink frogs
  A merfolk (D:11)
  2 polar bears
  Grinder (D:6)
  Prince Ribbit (D:7)
  7 hippogriffs
  5 slime creatures (D:12)
  11 dream sheep
  A water elemental (D:15)
  4 shadows
  2 wraiths
  5 redbacks (Lair:3)
  A human (shapeshifter) (D:13)
  6 wyverns
  59 yaks
  5 basilisks
  2 hungry ghosts
  Menkaure (D:6)
  4 vampire mosquitoes (D:15)
  6 wargs
  An acid dragon (shapeshifter) (D:12)
  10 water moccasins
  8 porcupines
  A soldier ant (D:12)
  A swamp drake (shapeshifter) (D:15)
  3 slaves (D:6)
  17 ice beasts
  3 sky beasts
  An eye of draining (D:10)
  18 ogres
  11 orc warriors
  4 black bears
  5 centaurs
  15 crocodiles
  2 big kobolds
  18 bullfrogs
  4 scorpions
  A wyvern skeleton (D:8)
  5 wights (D:9)
  An electric eel (D:13)
  4 howler monkeys
  7 crimson imps
  5 bullfrog zombies
  8 hounds
  9 jellies
  7 orc priests
  3 centaur skeletons
  A bullfrog skeleton (D:9)
  18 orc wizards
  4 iguanas
  7 hell rats (Lair:6)
  9 worker ants
  A hound zombie (D:7)
  A hound skeleton (D:7)
  2 worker ant zombies (D:5)
  14 adders
  4 gnolls
  5 shadow imps
  An ooze (D:2)
  4 adder zombies
  An adder skeleton (D:4)
  13 leopard geckos
  90 orcs
  11 giant cockroaches
  7 goblins
  6 hobgoblins
  4 jackals (D:3)
  4 quokkas
  2 ball pythons
  11 bats
  4 frilled lizards
  A jackal skeleton (D:6)
  16 kobolds
  A leopard gecko skeleton (D:7)
  8 rats
  A fungus (Lair:4)
  7 plants
716 creatures vanquished.

Vanquished Creatures (collateral kills)
  A troll (Orc:2)
  An ogre (Orc:2)
2 creatures vanquished.

Vanquished Creatures (others)
  A slave (D:6)
  A kobold (D:11)
  12 fungi
  5 plants
19 creatures vanquished.

Grand Total: 737 creatures vanquished

Notes
Turn   | Place    | Note
-------+----------+-------------------------------------------
     0 | D:1      | Orinoco the Formicid Fighter began the quest for the Orb.
     0 | D:1      | Reached XP level 1. HP: 18/18 MP: 1/1
   107 | D:1      | Reached XP level 2. HP: 17/24 MP: 2/2
   456 | D:1      | Reached XP level 3. HP: 28/30 MP: 3/3
   957 | D:2      | Found an iron altar of Okawaru.
  1349 | D:2      | Reached XP level 4. HP: 34/37 MP: 4/4
  1944 | D:3      | Found a glowing silver altar of Zin.
  1953 | D:3      | Reached skill level 3 in Axes
  1954 | D:3      | Found a hide-covered altar of Uskayaw.
  2050 | D:2      | Became a worshipper of Warmaster Okawaru
  2202 | D:3      | Reached XP level 5. HP: 34/42 MP: 5/5
  3122 | D:4      | Noticed a centaur
  3131 | D:4      | Killed a centaur
  3131 | D:4      | Reached skill level 4 in Axes
  3131 | D:4      | Reached XP level 6. HP: 36/48 MP: 6/6
  3529 | D:5      | Entered Level 5 of the Dungeon
  3767 | D:5      | Found a glowing golden altar of the Shining One.
  3998 | D:5      | Reached * piety under Okawaru
  3998 | D:5      | Reached skill level 5 in Shields
  3998 | D:5      | Reached XP level 7. HP: 47/55 MP: 5/7
  4130 | D:5      | Reached skill level 5 in Axes
  4147 | D:5      | Found a shadowy altar of Dithmenos.
  4171 | D:5      | Found a blossoming altar of Fedhas.
  4542 | D:6      | Noticed Menkaure
  4549 | D:6      | Reached skill level 6 in Axes
  4549 | D:6      | Reached XP level 8. HP: 61/61 MP: 8/8
  4709 | D:6      | Reached ** piety under Okawaru
  4709 | D:6      | Reached skill level 5 in Armour
  4709 | D:6      | Reached skill level 5 in Fighting
  4739 | D:6      | Found a staircase to the Ecumenical Temple.
  4867 | D:6      | Noticed Grinder
  4886 | D:6      | Killed Grinder
  4886 | D:6      | Reached skill level 7 in Axes
  5212 | D:6      | Noticed Pikel
  5591 | D:6      | Noticed Prince Ribbit
  5611 | D:6      | Killed Pikel
  5611 | D:6      | Reached *** piety under Okawaru
  5611 | D:6      | Reached skill level 8 in Axes
  5611 | D:6      | Reached skill level 1 in Evocations
  5611 | D:6      | Reached XP level 9. HP: 60/69 MP: 9/9
  5961 | D:6      | Found a stormy altar of Qazlal.
  6005 | D:6      | Killed Menkaure
  6465 | D:7      | Reached **** piety under Okawaru
  6474 | D:7      | Killed Prince Ribbit
  6789 | D:7      | Found a snail-covered altar of Cheibriados.
  7231 | D:7      | Reached skill level 1 in Invocations
  7327 | D:7      | Reached skill level 9 in Axes
  7540 | D:7      | Found a radiant altar of Vehumet.
  7943 | D:8      | Reached XP level 10. HP: 18/76 MP: 11/11
  8259 | D:8      | Noticed a two-headed ogre
  8264 | D:8      | Killed a two-headed ogre
  8275 | D:8      | Reached skill level 10 in Axes
  8677 | D:8      | Learned a level 3 spell: Conjure Flame
  8941 | D:8      | Found a sacrificial altar of Ru.
  9036 | D:9      | Reached ***** piety under Okawaru
  9561 | D:10     | Entered Level 10 of the Dungeon
  9563 | D:10     | Noticed an unseen horror
  9597 | D:10     | Killed an unseen horror
  9597 | D:10     | Reached XP level 11. HP: 37/83 MP: 13/13
 10144 | D:10     | Reached skill level 11 in Axes
 10410 | D:10     | Found Daruam's General Store.
 10422 | D:10     | Gained mutation: You are agile. (Dex +2) [potion of
                  | mutation]
 10422 | D:10     | Gained mutation: You are weak. (Str -2) [potion of
                  | mutation]
 10422 | D:10     | Gained mutation: Your system is resistant to poisons.
                  | (rPois) [potion of mutation]
 10423 | D:10     | Lost mutation: You are weak. (Str -2) [potion of mutation]
 10423 | D:10     | Lost mutation: Your system is resistant to poisons. (rPois)
                  | [potion of mutation]
 10423 | D:10     | Lost mutation: You are agile. (Dex +2) [potion of mutation]
 10423 | D:10     | Gained mutation: Your flesh is cold resistant. (rC+)
                  | [potion of mutation]
 10423 | D:10     | Gained mutation: Your natural rate of healing is unusually
                  | fast. [potion of mutation]
 10460 | D:10     | Noticed a two-headed ogre
 10471 | D:10     | Killed a two-headed ogre
 10559 | D:10     | Found a roughly hewn altar of Beogh.
 10674 | D:10     | Reached skill level 5 in Invocations
 11126 | D:10     | Received a gift from Okawaru
 11399 | D:11     | Reached skill level 12 in Axes
 11487 | D:11     | Noticed a white ugly thing
 11499 | D:11     | Killed a white ugly thing
 11617 | D:11     | Found a staircase to the Lair.
 11634 | D:11     | Reached XP level 12. HP: 65/92 MP: 16/16
 12108 | D:11     | Reached ****** piety under Okawaru
 12284 | D:11     | Received a gift from Okawaru
 12292 | D:11     | Got a pair of smoking boots {god gift}
 12298 | D:11     | Identified the +2 pair of boots "Rotynik" {rN+ Str+2}
                  | (Okawaru gifted it to you on level 11 of the Dungeon)
 12302 | D:11     | Found a staircase to the Orcish Mines.
 12576 | D:12     | Noticed an unseen horror
 12596 | D:12     | Killed an unseen horror
 12632 | D:12     | Noticed a two-headed ogre
 12641 | D:12     | Killed a two-headed ogre
 12641 | D:12     | Reached skill level 13 in Axes
 12722 | D:12     | Noticed a two-headed ogre
 12731 | D:12     | Killed a two-headed ogre
 13581 | D:12     | Reached skill level 10 in Armour
 13692 | D:12     | Found a portal to a secret trove of treasure.
 13729 | D:12     | Noticed a sun demon
 13732 | D:12     | Reached XP level 13. HP: 60/101 MP: 18/18
 13962 | D:12     | Found Aleu's Food Shop.
 14276 | D:13     | Reached skill level 1 in Fire Magic
 14284 | D:13     | Reached skill level 1 in Conjurations
 14331 | D:13     | Got a faintly glowing short sword
 14525 | D:13     | Received a gift from Okawaru
 14530 | D:13     | Reached skill level 14 in Axes
 14538 | D:13     | Got a pitted executioner's axe {god gift}
 14539 | D:13     | Identified the +4 executioner's axe "Demonslayer" {venom,
                  | rC+ rN+ Int+2 Dex+2} (Okawaru gifted it to you on level 13
                  | of the Dungeon)
 14554 | D:13     | Noticed Rupert
 14580 | D:13     | Killed Rupert
 14580 | D:13     | Received a gift from Okawaru
 14581 | D:13     | Noticed a spark wasp
 14589 | D:13     | Noticed a great orb of eyes
 14589 | D:13     | a spark wasp changed into a great orb of eyes
 14591 | D:13     | Killed a great orb of eyes
 14599 | D:13     | Got a crude broad axe {god gift}
 14600 | D:13     | Identified the +6 broad axe "Anot" {chop, Str+9} (Okawaru
                  | gifted it to you on level 13 of the Dungeon)
 14726 | D:13     | Noticed an eight-headed hydra
 14733 | D:13     | Killed a nine-headed hydra
 14740 | D:13     | Noticed a fire dragon
 14750 | D:13     | Killed a fire dragon
 14909 | D:13     | Found a gate to the Vaults.
 15106 | D:13     | Received a gift from Okawaru
 15627 | D:14     | Noticed a centaur warrior
 15642 | D:14     | Killed a centaur warrior
 15742 | D:14     | Reached XP level 14. HP: 105/109 MP: 20/20
 15855 | D:14     | Found a shadowy altar of Dithmenos.
 15913 | D:14     | Got a brightly glowing halberd
 16178 | D:15     | Entered Level 15 of the Dungeon
 16400 | D:15     | Reached skill level 10 in Fighting
 16447 | D:15     | Reached skill level 15 in Axes
 16699 | D:15     | Received a gift from Okawaru
 16705 | D:15     | Reached skill level 10 in Invocations
 16716 | D:15     | Reached skill level 5 in Fire Magic
 17043 | D:15     | Found a staircase to the Depths.
 17203 | D:15     | Reached XP level 15. HP: 117/117 MP: 20/22
 17210 | D:15     | Reached skill level 5 in Conjurations
 17549 | D:15     | Learned a level 4 spell: Sticky Flame
 17647 | Lair:1   | Entered Level 1 of the Lair of Beasts
 17761 | Lair:1   | Reached skill level 1 in Spellcasting
 17889 | Lair:1   | Identified the +6 halberd "Yrrowiq" {antimagic, rC++ Dex+3
                  | Stlth-} (You found it on level 14 of the Dungeon)
 18100 | Lair:1   | Received a gift from Okawaru
 18104 | Lair:1   | Got a scorched ring mail {god gift}
 18115 | Lair:1   | Identified the +4 ring mail of the Evening Star {+Blink MR+
                  | rCorr} (Okawaru gifted it to you on level 1 of the Lair of
                  | Beasts)
 18604 | Lair:2   | Noticed Nergalle
 18615 | Lair:2   | Killed Nergalle
 19459 | Lair:3   | Found a hole to the Spider Nest.
 19957 | Lair:3   | Found a staircase to the Shoals.
 19969 | Lair:3   | Reached skill level 16 in Axes
 21277 | Lair:4   | Received a gift from Okawaru
 21443 | Lair:5   | Noticed Urug
 21467 | Lair:5   | Killed Urug
 21862 | Lair:5   | Reached XP level 16. HP: 72/126 MP: 24/24
 22274 | Lair:5   | Learned a level 1 spell: Animate Skeleton
 22278 | Lair:5   | Learned a level 3 spell: Regeneration
 22499 | Lair:5   | Found a viscous altar of Jiyva.
 22499 | Lair:5   | Found a staircase to the Slime Pits.
 22533 | Lair:6   | Entered Level 6 of the Lair of Beasts
 23230 | Lair:6   | Received a gift from Okawaru
 23818 | Orc:1    | Entered Level 1 of the Orcish Mines
 23818 | Orc:1    | Found a frozen archway.
 23837 | Orc:1    | Reached skill level 17 in Axes
 23937 | IceCv    | Entered an ice cave
 24300 | IceCv    | Got a flickering ivory ring
 24346 | IceCv    | Identified the ring of Hoblenam {Str+6 Stlth+} (You found
                  | it in an ice cave)
 24484 | Orc:1    | Found a roughly hewn altar of Beogh.
 24533 | Orc:1    | Reached skill level 1 in Necromancy
 24542 | Orc:1    | Reached skill level 1 in Charms
 24846 | Orc:2    | Entered Level 2 of the Orcish Mines
 24872 | Orc:2    | Learned a level 5 spell: Fireball
 24901 | Orc:2    | Found a staircase to the Elven Halls.
 25001 | Orc:2    | Reached skill level 5 in Spellcasting
 25194 | Orc:2    | Found Fifudd's Jewellery Shoppe.
 25221 | Orc:2    | Received a gift from Okawaru
 25248 | Orc:2    | HP: 3/127 [ogre/+0 giant spiked club (14)]
 25248 | Orc:2    | Mangled by a two-headed ogre

Vault maps used:
D:1:      dpeg_arrival_prison, minmay_worlds_worst_comb
D:2:      nicolae_overflow_crystal_walls
D:3:      chequers_temple_overflow_statue_of_worship, first_ration
D:4:      serial_glass, glass_columns_b, glass_columns_b, feat_on_display,
          feat_on_display, item_on_display_b
D:5:      tso_altar, lemuel_crystal_altar, nicolae_dithmenos_shadow_blocks
D:6:      kennysheep_spiral_hall, kennysheep_mini_moat,
          minmay_temple_entry_from_below_a, serial_shops,
          nicolae_shop_waterfront, uniq_pikel, uniq_menkaure, uniq_grinder,
          uniq_prince_ribbit1
D:7:      vehumet_statue, lemuel_crystal_altar
D:8:      kennysheep_blocky_hall, overflow_temple_1_default
D:10:     serial_shops, shop
D:11:     grunt_lair_entry_orc_guard_hut, hangedman_stone_soup,
          minmay_lizard_king
D:12:     serial_shops, nicolae_shop_crystal, enter_trove_1
D:13:     david_vaults_4, kennysheep_potato, uniq_rupert
D:14:     kennysheep_flooded_box, interstate_on_off
D:15:     hangedman_depths_entry_civil_slaughter, fountainhead
Lair:1:   minmay_holes, beast_lair_carwin_5, grunt_megastairs_3
Lair:2:   lemuel_fruit_tree, serial_bayou_shore_a, uniq_nergalle
Lair:3:   minmay_shoals_entry_lonely_mermaid, spider_nest_entry_funnel_web
Lair:4:   beast_lair_carwin_6, infiniplex_staircase_pool_2,
          minmay_lair_oklob_chamber, lemuel_fruit_fields, grunt_megastairs_2
Lair:5:   dpeg_slime_entry_enclosed_altar, grunt_megastairs_1, uniq_urug
Lair:6:   due_jungle_book
Orc:1:    portal_ice_cave_entry_pillars_2, basic_altar
Orc:2:    st_orc_open
IceCv:    ice_cave_small_dragons

Skill      XL: |  1  2  3  4  5  6  7  8  9 10 11 12 13 14 15 16 |
---------------+-------------------------------------------------+-----
Shields        | 4 5 6 8 9 |  9.0
Armour         | 4 5 6 7 8 10 11 12 13 | 13.0
Axes           | 3 4 6 8 9 10 12 13 14 15 16 17 | 17.4
Fighting       | 4 5 6 8 9 10 11 12 | 12.0
Evocations     | 1 2 3 |  3.0
Invocations    | 1 3 6 7 9 10 11 | 11.0
Fire Magic     | 3 5 6 |  6.0
Conjurations   | 3 4 6 |  6.0
Spellcasting   | 3 5 |  5.0
Necromancy     | 2 |  2.4
Charms         | 2 |  2.4
Throwing       | |  0.2

Action                   |  1- 3 |  4- 6 |  7- 9 | 10-12 | 13-15 | 16-18 || total
-------------------------+-------+-------+-------+-------+-------+-------++-------
Melee: War axe           |   139 |   225 |   260 |       |       |       ||   624
       Battleaxe         |       |       |    21 |   715 |   121 |       ||   857
       Executioner's axe |       |       |       |       |   465 |   291 ||   756
       Broad axe         |       |       |       |       |   165 |    36 ||   201
Throw: Tomahawk          |       |       |       |     4 |       |       ||     4
 Cast: Conjure Flame     |       |       |       |       |     3 |       ||     3
       Animate Skeleton  |       |       |       |       |       |     9 ||     9
       Regeneration      |       |       |       |       |       |     4 ||     4
Invok: Heroism           |       |       |     2 |     3 |     8 |       ||    13
       Finesse           |       |       |       |       |     4 |       ||     4
 Abil: Dig               |       |       |       |       |     1 |     2 ||     3
Evoke: Wand              |       |       |     8 |    20 |    20 |       ||    48
  Use: Potion            |       |       |     1 |     2 |     3 |     5 ||    11
       Scroll            |       |       |       |    13 |    19 |     2 ||    34
 Stab: Distracted        |       |       |       |     1 |       |       ||     1
       Petrified         |       |       |       |       |     5 |       ||     5
  Eat: Chunk             |     2 |     7 |    11 |    17 |    28 |     4 ||    69
       Ration            |       |       |     1 |     3 |       |     2 ||     6
Armor: Scale mail        |    86 |    99 |       |       |       |       ||   185
       Chain mail        |       |     4 |   120 |   303 |   187 |       ||   614
       Ring mail         |       |       |       |       |    92 |   161 ||   253
Dodge: Dodged            |    67 |    69 |    71 |   212 |   203 |   123 ||   745
Block: Shield            |   106 |   131 |   134 |   418 |   391 |   210 ||  1390
       Reflection        |       |       |       |       |       |     2 ||     2

Table legend:
 A = Non-vault XP
 B = Vault XP
 C = Vault XP percentage of total XP
 D = Non-vault monster count
 E = Vault monster count
 F = Vault count percentage of total count
                 A         B        C        D         E       F
            +---------+---------+-------+---------+---------+-------
      Total |  104484 |   43219 |  29.3 |     559 |     148 |  20.9
            +---------+---------+-------+---------+---------+-------
        D:1 |      27 |      10 |  27.0 |      17 |       5 |  22.7
        D:2 |      66 |       0 |   0.0 |      23 |       0 |   0.0
        D:3 |     135 |       0 |   0.0 |      37 |       0 |   0.0
        D:4 |     151 |       0 |   0.0 |       8 |       0 |   0.0
        D:5 |     507 |       0 |   0.0 |      19 |       0 |   0.0
        D:6 |     460 |    1290 |  73.7 |      23 |       6 |  20.7
        D:7 |     618 |     251 |  28.9 |      24 |       1 |   4.0
        D:8 |    1254 |     933 |  42.7 |      22 |       4 |  15.4
        D:9 |    1307 |       0 |   0.0 |      15 |       0 |   0.0
       D:10 |    5481 |     443 |   7.5 |      27 |      27 |  50.0
       D:11 |    2715 |    1787 |  39.7 |      17 |      14 |  45.2
       D:12 |    9831 |       0 |   0.0 |      55 |       0 |   0.0
       D:13 |   10098 |    6777 |  40.2 |      44 |       7 |  13.7
       D:14 |    3851 |       0 |   0.0 |      10 |       0 |   0.0
       D:15 |   22094 |    4673 |  17.5 |      44 |       6 |  12.0
     Lair:1 |    4366 |    1142 |  20.7 |      14 |       7 |  33.3
     Lair:2 |    2368 |     886 |  27.2 |      11 |       2 |  15.4
     Lair:3 |    5682 |    1553 |  21.5 |      23 |       6 |  20.7
     Lair:4 |    4454 |    5373 |  54.7 |      19 |      15 |  44.1
     Lair:5 |   11388 |    1249 |   9.9 |      37 |       2 |   5.1
     Lair:6 |    9355 |    2828 |  23.2 |      22 |       5 |  18.5
      Orc:1 |    3222 |       0 |   0.0 |      20 |       0 |   0.0
      Orc:2 |    5054 |    8537 |  62.8 |      28 |      21 |  42.9
      IceCv |       0 |    5487 | 100.0 |       0 |      20 | 100.0
            +---------+---------+-------+---------+---------+-------
